 Dungeon Sprint DCSS version 0.30-a0-989-g0d87f670db (webtiles) character file.

Game seed: 6364421106257931791

12 fozzywoppz the Shield-Bearer (level 3, 0/36 (37) HPs)
             Began as a Troll Fighter on Apr 2, 2023.
             Was an Initiate of Qazlal.
             Slain by Crazy Yiuf
             ... wielding a +3 quarterstaff of chaos
              (8 damage)
             ... in the Dungeon (Sprint VI: "Thunderdome").
             The game lasted 00:03:13 (193 turns).

fozzywoppz the Shield-Bearer (Troll Fighter)         Turns: 193, Time: 00:03:13

HP:   0/36 (37)     AC:  4    Str: 24    XL:     3   Next: 28%
MP:   2/2           EV: 10    Int:  4    God:    Qazlal [......]
Gold: 130           SH:  9    Dex: 17    Spells: 2/2 levels left

rFire   + . .      SeeInvis .      - Unarmed
rCold   + . .      Faith    .    b - +0 kite shield
rNeg    . . .      Spirit   .    a - +0 robe
rPois   +          Reflect  .    (helmet restricted)
rElec   +          Rampage  .    (no cloak)
rCorr   +          NoTele   +    (gloves unavailable)
Will    .....                    (boots unavailable)
Stlth   ++                       n - amulet "Tyoqududy" {RegenMP rPois Dex+6}
HPRegen 1.06/turn                (no ring)
MPRegen 0.48/turn                (no ring)

@: mighty, resistant, lightly drained
A: large, unfitting armour, claws 3, regeneration 1, shaggy fur 1, tough skin 1
a: Renounce Religion


You were in the Dungeon.
You worshipped Qazlal.
Qazlal was noncommittal.
You visited 1 branch You collected 220 gold pieces.
You spent 90 gold pieces at shops.

Inventory:

Armour
 a - a +0 robe (worn)
 b - a +0 kite shield (worn)
Jewellery
 n - the amulet "Tyoqududy" (around neck) {RegenMP rPois Dex+6}
   (You bought it in a shop in the Dungeon)

   [amulet of magic regeneration]

   It increases your rate of magic regeneration.
   Dex:       It affects your dexterity (+6).
   rPois:     It protects you from poison.
 o - the ring "Uclesmab" {rN++ AC+4 Dex-4}
   (You bought it in a shop in the Dungeon)

   [ring of protection]

   AC:        It affects your AC (+4).
   Dex:       It affects your dexterity (-4).
   rN:        It greatly protects you from negative energy.
Wands
 j - a wand of quicksilver (5)
 k - a wand of roots (5)
Scrolls
 i - 4 scrolls of blinking
 l - 3 scrolls of fog
Potions
 d - a potion of curing
 e - 3 potions of heal wounds
 f - 4 potions of haste
 g - 2 potions of magic
 h - a potion of berserk rage
 m - a potion of resistance


   Skills:
 + Level 3.6 Fighting
 + Level 3.6 Dodging
 + Level 4.0 Shields
 + Level 3.7 Unarmed Combat


You had 2 spell levels left.
You didn't know any spells.
Your spell library was empty.

Dungeon Overview and Level Annotations

Branches:
Dungeon (1/1)

Altars:
Cheibriados
Dithmenos
Fedhas
Gozag
Kikubaaqudgha
Makhleb
Okawaru
Qazlal
Ru
Sif Muna
Trog
Uskayaw
Vehumet
Wu Jian
Xom
Yredelemnul
Zin
The Shining One
Lugonu

Shops:
D *[??*?*:[((!!!!

Annotations:
D Crazy Yiuf


Innate Abilities, Weirdness & Mutations

You are too large for most types of armour.
You have claws for hands.
Your natural rate of healing is unusually fast.
You are covered in fur. (AC +1)
You have tough skin. (AC +1)


Message History

Your Shields skill increases to level 4!
Your Unarmed Combat skill increases to level 3!
You have reached level 3!
Your experience leads to an increase in your attributes!
Increase (S)trength, (I)ntelligence, or (D)exterity?
You feel agile. x2; You feel stronger.
Unknown command.
Things that are here:
a +0 whip; a +0 leather armour Crazy Yiuf shouts!
You hear a shout!
Crazy Yiuf drinks a potion.
Crazy Yiuf flickers and vanishes!
Deactivating autopickup; reactivate with Ctrl-A.
There is an entrance to Kich's Jewellery here.
n - the amulet "Tyoqududy" {RegenMP rPois Dex+6}
o - the ring "Uclesmab" {rN++ AC+4 Dex-4} Thank you for shopping at Kich's Jewellery!
There are no items here.
You start putting on your amulet.
You continue putting on the amulet "Tyoqududy" {RegenMP rPois Dex+6}.
Your attacks no longer feel as feeble.
You continue putting on the amulet "Tyoqududy" {RegenMP rPois Dex+6}. x3
HP restored.
You continue putting on the amulet "Tyoqududy" {RegenMP rPois Dex+6}.
Something hits you!
You feel drained.
You finish putting on the amulet "Tyoqududy" {RegenMP rPois Dex+6}.
You feel agile.
n - the amulet "Tyoqududy" (around neck) {RegenMP rPois Dex+6} You miss something.
Something hits you.
You feel protected.
A gnoll comes into view. It is wielding a +0 club.
The gnoll shouts!
You scratch something. Something hits you!
Unknown command.
You feel much better. Something hits you!
You feel very mighty all of a sudden. Something hits you!
* * * LOW HITPOINT WARNING * * *
You feel protected.
You scratch something. Something hits you!
You die...

#∩.......∩ #_......._
#........_ #_......._
###.........
#⌠..........
######.8.........
##.___......###...
###@{.......8.# #.8.
##.........)...###...
#⌠.)........###...###
#⌠..........# #.<.# #
#⌠......g...###...###
##.............###...
###∩........8.# #.8.
##∩___..)...###...
######.8....[....


You could see a gnoll.

Vanquished Creatures
  A gnoll bouda (D)
  5 orcs (D)
6 creatures vanquished.

Notes
Turn   | Place    | Note
-------+----------+-------------------------------------------
     0 | D        | fozzywoppz the Troll Fighter began the quest for the Orb.
     0 | D        | Reached XP level 1. HP: 22/22 MP: 0/0
     1 | D        | Found a shadowy altar of Dithmenos.
     1 | D        | Found an ornate altar of the Wu Jian Council.
     2 | D        | Found a burning altar of Makhleb.
     2 | D        | Found a glowing golden altar of the Shining One.
     3 | D        | Found a sacrificial altar of Ru.
     4 | D        | Found Reamikui's Distillery.
     4 | D        | Found a bloodstained altar of Trog.
     4 | D        | Found an iron altar of Okawaru.
     4 | D        | Found Inkiwn's Do-It-Yourself Clinic.
     5 | D        | Found Oriduosh's Distillery.
     5 | D        | Found Wailyb's Bottled Wisdom.
     5 | D        | Round 1.
    36 | D        | Found an opulent altar of Gozag.
    37 | D        | Found a stormy altar of Qazlal.
    37 | D        | Found an ancient bone altar of Kikubaaqudgha.
    37 | D        | Found a shimmering blue altar of Sif Muna.
    37 | D        | Found Ycid's Weapon Rack.
    37 | D        | Found Meumocw's Premium Goods.
    38 | D        | Found Iletiqini's Basic Armour.
    38 | D        | Found Faeca's Miscellaneous Merchandise.
    41 | D        | Found a basalt altar of Yredelemnul.
    42 | D        | Found a hide-covered altar of Uskayaw.
    44 | D        | Found Apnawot's Identification Station.
    46 | D        | Reached skill level 3 in Shields
    52 | D        | Found Faqimy's Advanced Armour.
    52 | D        | Found Kich's Jewellery.
    53 | D        | Found a shimmering altar of Xom.
    53 | D        | Found a radiant altar of Vehumet.
    53 | D        | Found a snail-covered altar of Cheibriados.
    58 | D        | Found a glowing silver altar of Zin.
    60 | D        | Found a corrupted altar of Lugonu.
    61 | D        | Found Ocem's Magic Scroll Shop.
    62 | D        | Found a blossoming altar of Fedhas.
    62 | D        | Found Enioh's Staff Store.
    62 | D        | Found Ymuyfayr's Magic Scroll Shop.
    62 | D        | Found Rexaiclu's Must-Have Magic.
    84 | D        | Reached XP level 2. HP: 29/29 MP: 1/1
   131 | D        | Arena points: 12 (+12) [x2]
   147 | D        | Became a worshipper of Qazlal Stormbringer
   168 | D        | Round 2.
   180 | D        | Noticed Crazy Yiuf
   181 | D        | Reached skill level 4 in Shields
   181 | D        | Reached XP level 3. HP: 29/37 MP: 2/2
   184 | D        | Bought a brightly glowing zirconium amulet for 45 gold
                  | pieces
   184 | D        | Identified the amulet "Tyoqududy" {RegenMP rPois Dex+6}
                  | (You bought it in a shop in the Dungeon)
   184 | D        | Bought a fine ivory ring for 45 gold pieces
   184 | D        | Identified the ring "Uclesmab" {rN++ AC+4 Dex-4} (You
                  | bought it in a shop in the Dungeon)
   193 | D        | Slain by Crazy Yiuf

Illustrated notes

Levels and vault maps discovered:
D:        arena_sprint

Skill      XL: |  1  2 |
---------------+-------+-----
Shields        | 3 4 |  4.0
Fighting       | 3 |  3.6
Dodging        | 3 |  3.6
Unarmed Combat | 3 |  3.7

Action                     || total
---------------------------++-------
  Melee: Unarmed           ||    28
    Use: Potion            ||     2
 Armour: Robe              ||     1
  Dodge: Dodged            ||     9
  Block: Kite shield       ||     6

Table legend: (Time is in decaauts)
 A = Elapsed time spent in this place.
 B = Non-inter-level travel time spent in this place.
 C = Inter-level travel time spent in this place.
 D = Time resting spent in this place.
 E = Time spent auto-exploring this place.
 F = Levels seen in this place.
 G = Mean time per level.
                   A        B        C        D        E       F      G
               +--------+--------+--------+--------+--------+-----+--------+
         Total |    194 |    194 |      0 |      0 |      0 |   1 |  194.0 |
       Dungeon |    194 |    194 |      0 |      0 |      0 |   1 |  194.0 |
               +--------+--------+--------+--------+--------+-----+--------+

Top non-repeatable levels by time:
       D: 194 daAuts
